Map: [ESL] Oceanborn

Players

Oliveira - Winner!

  • Race: Terran Terran
  • Spawn Location: 11:00

XYXY (XY)

  • Race: Terran Terran
  • Spawn Location: 5:00

Event: ESL SC2 Masters 2023 Winter (Regional)

VOD

Have the link to the VOD?

Description

Time

  • Played on: Nov. 2, 2023, 7:13 a.m.
  • Length: 10:54

All games in this series

Show
View Real Time Build Order
Export as new Build Order

Oliveira Terran - Winner!

Build Orders: Reaper Expand 

Get SALT Encoding   

  12  0:00  SCV  
  13  0:12  SCV  
  14  0:17  Supply Depot  
  14  0:24  SCV  
  15  0:38  SCV  
  15  0:42  Barracks  
  16  0:44  Refinery  
  16  0:50  SCV  
  17  1:03  SCV  
  18  1:15  SCV  
  19  1:28  Orbital Command  
  19  1:29  Reaper  
  20  1:41  Command Center  
  20  1:49  Supply Depot  
  21  1:54  SCV  
  21  2:01  Marine  
  21  2:06  SCV  
  23  2:09  Factory  
  23  2:15  Bunker  
  23  2:18  SCV  
  23  2:21  Barracks Reactor  
  24  2:26  Refinery  
  24  2:30  SCV  
  25  2:42  SCV  
  26  2:52  Hellion  
  26  2:54  Orbital Command  
  26  2:55  SCV  
  26  2:56  Starport  
  29  2:59  Marine  
  29  3:01  Marine  
  31  3:07  SCV  
  32  3:15  Factory Tech Lab  
  32  3:16  Marine  
  32  3:18  Marine  
  32  3:19  SCV x2  
  36  3:23  Supply Depot  
  36  3:31  SCV x2  
  38  3:34  Siege Tank  
  38  3:36  Marine x2  
  38  3:41  Medivac  
  45  3:43  SCV  
  45  3:44  SCV  
  45  3:48  Supply Depot  
  47  3:54  Refinery, Marine x2  
  49  3:57  SCV x2  
  51  4:09  SCV x2  
  53  4:11  Marine  
  53  4:12  Marine  
  53  4:15  Factory Tech Lab  
  55  4:18  Raven  
  55  4:19  Supply Depot  
  55  4:21  SCV x2  
  59  4:29  Command Center  
  59  4:35  SCV x2  
  61  4:42  Siege Tank  
  64  4:52  Marine  
  62  4:54  SCV  
  62  4:55  SCV  
  62  4:56  Raven  
  66  5:06  SCV  
  67  5:07  SCV  
  67  5:08  Supply Depot  
  67  5:12  Barracks  
  66  5:18  SCV  
  66  5:19  SCV, Barracks  
  66  5:20  Factory Reactor, Engineering Bay  
  68  5:21  Engineering Bay  
  68  5:22  Stimpack, Marine  
  69  5:28  Unknown  
  69  5:30  SCV  
  69  5:31  Supply Depot  
  69  5:35  SCV  
  71  5:37  Refinery, Barracks x2  
  71  5:38  Starport Reactor  
  71  5:41  Orbital Command, Marine  
  72  5:45  SCV  
  72  5:47  SCV  
  72  5:49  Terran Infantry Weapons Level 1  
  74  5:50  Terran Infantry Armor Level 1  
  74  5:57  SCV  
  74  5:59  SCV  
  74  6:00  Marine  
  74  6:01  Marine  
  74  6:02  Orbital Command, Marine  
  79  6:07  Siege Tank  
  79  6:10  Supply Depot, SCV  
  83  6:11  SCV  
  83  6:14  Marine  
  83  6:15  Marine  
  86  6:22  SCV, Marine  
  86  6:25  Marine  
  89  6:26  Barracks Reactor x2  
  89  6:27  SCV  
  89  6:28  SCV  
  91  6:32  Refinery  
  91  6:33  Marine  
  91  6:34  SCV  
  91  6:35  Supply Depot, Medivac x2  
  91  6:36  Marine x2  
  91  6:39  SCV  
  100  6:40  SCV  
  100  6:42  Marine  
  100  6:45  Supply Depot, Siege Tank  
  100  6:46  Marine  
  106  6:50  SCV  
  106  6:51  Marine  
  106  6:52  SCV  
  109  6:56  SCV  
  109  6:58  Supply Depot, Armory  
  109  7:01  Marine x2  
  110  7:03  Marine x5  
  110  7:06  SCV x2  
  119  7:09  Supply Depot  
  119  7:14  Marine x2  
  121  7:17  SCV  
  121  7:19  SCV x2, Marine  
  125  7:27  Marine x4  
  127  7:31  Command Center, Marine  
  127  7:38  Marine x2  
  127  7:40  Marine  
  127  7:41  Marine  
  115  7:45  Marine x4  
  115  7:49  Marine  
  109  7:55  Marine x2  
  109  7:56  Medivac, Siege Tank  
  109  7:57  Medivac  
  109  7:58  Marine  
  102  7:59  Marine  
  102  8:03  SCV, Marine x4  
  102  8:05  SCV  
  103  8:07  Marine  
  99  8:13  Marine x2  
  99  8:16  Marine  
  99  8:18  Combat Shield  
  99  8:22  Supply Depot x3  
  92  8:31  Marine x3  
  92  8:32  Marine  
  86  8:36  Marine  
  86  8:42  Siege Tank, Marine x4  
  93  8:49  Supply Depot, Marine x4  
  93  8:54  Marine  
  98  9:00  Marine x4  
  99  9:07  Marine x3  
  102  9:10  Marine  
  102  9:12  Marine  
  102  9:13  Medivac  
  106  9:18  Marine x4  
  106  9:24  Siege Tank, Marine x2  
  106  9:27  SCV  
  106  9:29  Marine  
  111  9:34  Marine x2  
  111  9:36  Marine  
  111  9:37  Marine  
  106  9:44  Marine  
  80  9:46  Marine  
  80  9:47  Marine  
  80  9:48  Marine  
  80  9:50  Marine  
  80  9:52  Marine x2  
  60  9:54  Marine x2  
  62  10:01  SCV  
  62  10:02  Marine  
  62  10:05  SCV  
  65  10:08  Marine  
  65  10:11  Marine  
  68  10:18  Marine  
  68  10:19  Marine x2  
  71  10:26  Marine x3  
  73  10:28  SCV x2  
  73  10:30  Marine  
  75  10:40  SCV  
Show
View Real Time Build Order
Export as new Build Order

XYXY Terran 

Build Orders: Cyclone Opening 

Get SALT Encoding   

  12  0:00  SCV  
  13  0:12  SCV  
  14  0:16  Supply Depot  
  14  0:24  SCV  
  15  0:38  SCV  
  15  0:40  Barracks  
  16  0:43  Refinery  
  16  0:50  SCV  
  16  0:52  Refinery  
  17  1:02  SCV  
  18  1:14  SCV  
  19  1:27  Reaper, Orbital Command  
  19  1:28  Supply Depot  
  20  1:42  Factory  
  20  1:52  SCV  
  21  1:59  Barracks Reactor  
  21  2:04  SCV  
  22  2:17  SCV  
  22  2:21  Command Center  
  23  2:28  Cyclone  
  23  2:29  SCV  
  26  2:41  SCV, Starport  
  27  2:49  Supply Depot  
  27  2:54  SCV  
  28  3:00  Factory Tech Lab  
  28  3:06  SCV  
  28  3:07  Refinery  
  29  3:18  SCV, Siege Tank  
  29  3:19  Starport Tech Lab  
  33  3:30  SCV  
  33  3:33  Orbital Command  
  34  3:38  Raven  
  36  3:42  SCV  
  37  3:54  Command Center  
  37  3:56  SCV  
  37  4:00  SCV  
  39  4:07  Siege Tank  
  39  4:08  SCV  
  43  4:12  SCV  
  43  4:13  Raven  
  46  4:17  Supply Depot  
  46  4:20  SCV  
  46  4:23  Marine  
  48  4:24  SCV, Marine  
  50  4:32  SCV  
  50  4:36  Supply Depot, SCV  
  52  4:39  Siege Tank  
  52  4:44  SCV  
  55  4:48  SCV  
  55  4:49  Marine  
  55  4:50  Marine  
  53  4:56  SCV  
  54  5:00  SCV  
  54  5:07  Marine  
  54  5:08  Command Center, SCV  
  54  5:11  Siege Tank  
  54  5:12  Raven, SCV  
  62  5:19  Supply Depot, Refinery  
  62  5:20  SCV  
  63  5:22  Marine  
  63  5:24  SCV  
  63  5:25  Unknown, Marine  
  66  5:30  Starport  
  66  5:32  SCV  
  67  5:36  SCV  
  68  5:44  SCV, Siege Tank  
  68  5:45  Supply Depot  
  72  5:50  SCV  
  72  5:57  SCV, Viking x2  
  74  6:01  Supply Depot  
  78  6:07  Viking  
  78  6:08  Supply Depot, SCV  
  78  6:09  SCV  
  82  6:16  Siege Tank  
  85  6:20  SCV  
  85  6:22  Orbital Command  
  85  6:23  SCV  
  87  6:27  Viking  
  87  6:29  Viking  
  87  6:30  Supply Depot  
  87  6:31  Supply Depot  
  91  6:33  SCV, Marine  
  91  6:35  SCV  
  91  6:39  Viking  
  96  6:43  Orbital Command  
  96  6:45  SCV  
  97  6:48  Siege Tank  
  97  6:49  SCV  
  101  6:57  SCV, Marine  
  101  7:01  SCV, Viking  
  105  7:03  Liberator  
  109  7:09  SCV x2  
  109  7:12  Refinery  
  109  7:13  SCV  
  109  7:15  Refinery, Marine  
  112  7:20  Siege Tank  
  112  7:21  SCV x2  
  118  7:26  Viking  
  118  7:28  SCV  
  121  7:39  SCV  
  111  7:46  Marine  
  107  7:52  Siege Tank  
  107  7:54  Viking x2  
  110  7:59  SCV  
  110  8:00  SCV  
  93  8:07  Marine  
  93  8:11  SCV  
  93  8:12  SCV  
  86  8:23  SCV  
  86  8:24  SCV, Siege Tank  
  85  8:35  SCV  
  85  8:36  SCV  
  87  8:47  SCV  
  89  8:48  SCV  
  89  8:56  Siege Tank  
  89  8:59  SCV  
  89  9:00  SCV  
  94  9:11  SCV  
  94  9:12  SCV  
  96  9:20  Marine  
  96  9:23  SCV, Command Center  
  98  9:24  SCV  
  98  9:25  Barracks  
  96  9:41  Siege Tank  
  89  9:52  Marine  
  70  9:54  SCV  
  70  9:56  SCV  
  65  10:00  Viking x2  
  65  10:06  SCV  
  67  10:08  SCV  
  67  10:10  Marine  
  67  10:11  Viking  
  67  10:14  Marine  
  69  10:18  Siege Tank  
  69  10:19  SCV  
  69  10:20  SCV  
  73  10:28  Marine  
  74  10:31  SCV  
  74  10:32  Marine  
  74  10:33  SCV  
  81  10:35  SCV  
Tags
 
Add a new tag
Caveats
  • Supply blocks, unpowered buildings, or Contaminate may cause inaccurate times.
  • Supply counts are checked every 10 seconds.